 Dungeon Crawl Stone Soup version 0.30-a0-996-ga6910c8ee8 (webtiles) character file.

Game seed: 9717680347314251511

35 holysushi the Poker (level 3, -3/31 HPs)
             Began as a Hill Orc Monk on Apr 4, 2023.
             Killed by nerve-wracking pain
             ... invoked by Jessica
              (13 damage)
             ... on level 2 of the Dungeon.
             The game lasted 00:01:46 (1450 turns).

holysushi the Poker (Hill Orc Monk)                 Turns: 1450, Time: 00:01:47

Health: -3/31      AC:  2    Str: 13    XL:     3   Next: 33%
Magic:  3/3        EV: 12    Int: 10    God:
Gold:   83         SH:  0    Dex: 15    Spells: 2/2 levels left

rFire   . . .      SeeInvis .    a - +0 spear
rCold   . . .      Faith    .    (no shield)
rNeg    . . .      Spirit   .    b - +0 robe
rPois   .          Reflect  .    (no helmet)
rElec   .          Rampage  .    (no cloak)
rCorr   .                        (no gloves)
Will    .....                    (no boots)
Stlth   ++                       (no amulet)
HPRegen 0.25/turn                (no ring)
MPRegen 0.08/turn                (no ring)

@: no status effects
A: no striking features
a: no special abilities


You were on level 2 of the Dungeon.
You visited 1 branch of the dungeon, and saw 2 of its levels.

You collected 83 gold pieces.

Inventory:

Hand Weapons
 a - a +0 spear (weapon)
Armour
 b - a +0 robe (worn)
Jewellery
 k - a +6 ring of intelligence
Scrolls
 f - a scroll of fear {unknown}
 g - a scroll of teleportation {unknown}
 i - a scroll of identify {unknown}
 j - a scroll of magic mapping {unknown}
 l - a scroll of brand weapon {unknown}
Potions
 c - a potion of ambrosia
 d - a potion of lignification {unknown}
 e - 2 potions of curing {unknown}
 h - 2 potions of might {unknown}
 m - a potion of brilliance {unknown}


   Skills:
 - Level 3.6 Fighting
 + Level 4.8 Polearms
 - Level 2.4 Dodging
 - Level 1.5 Stealth


You had 2 spell levels left.
You didn't know any spells.
Your spell library was empty.

Dungeon Overview and Level Annotations

Branches:
Dungeon (2/15) Zot: 10562

Altars:

Annotations:
D:2 1 runed translucent door, Crazy Yiuf, Jessica


Message History

The bat hits you but does no damage.
Reach: a) +0 spear
Press: ? - help, Dir - move target, f/p - Jessica
Aim: Jessica, wielding a +0 club and wearing a +0 robe (fast, about 36% to evade your +0 spear)
The bat is in the way.
You hit the bat but do no damage. The bat hits you but does no damage.
Reach: a) +0 spear
Press: ? - help, Dir - move target, f/p - Jessica
Aim: Jessica, wielding a +0 club and wearing a +0 robe (fast, about 36% to evade your +0 spear)
The bat is in the way.
You miss the bat. The bat misses you. x2
Jessica gestures wildly while chanting.
Jessica blinks!
The bat completely misses you. The bat hits you but does no damage.
The bat closely misses you. The bat hits you but does no damage.
The bat hits you but does no damage. The bat closely misses you.
Reach: a) +0 spear
Press: ? - help, Dir - move target, f/p - Jessica
Aim: Jessica, wielding a +0 club and wearing a +0 robe (fast, about 36% to evade your +0 spear)
The bat is in the way.
You hit the bat.
You kill the bat!
Jessica hits you with a +0 club.
Reach: a) +0 spear
Press: ? - help, Dir - move target, f/p - Jessica
Aim: Jessica, wielding a +0 club and wearing a +0 robe (fast, about 36% to evade your +0 spear)
You barely miss Jessica. Jessica hits you with a +0 club.
You completely miss Jessica. Jessica hits you with a +0 club.
Jessica barely misses you.
You hit Jessica.
Jessica is heavily wounded.
Jessica closely misses you.
You aren't carrying any items that you can evoke.
Unknown command.
You hit Jessica but do no damage.
Jessica is heavily wounded.
Jessica barely misses you.
You barely miss Jessica.
Jessica is heavily wounded.
Jessica points at you and mumbles some strange words.
Pain shoots through your body!
You die...

##..# ### ## ######..##....
###. #..........# #... #
#........# ##.## #.
#.....)##### #..# ##.
###...†.†..## ##.## #...
#....#####..# #####..#
#...###.##.######.####...>.##
###.....(......@@.#.....<..###
>........###.####.##########
........####.# ##
........###..######
..!..@..##......<.##♣♣ ###
........########.....♣♣
♣♣#..)# #####..##
#......♣♣♣♣.+...# #..
##......♣..♣#...# #..
##....♣.♣♣♣ ###


You could see Jessica (fast).

Vanquished Creatures
  A dart slug (D:2)
  6 ball pythons
  3 bats
  3 endoplasms
  A giant cockroach (D:2)
  3 goblins
  3 hobgoblins
  A kobold (D:1)
  A quokka (D:2)
  4 frilled lizards (D:1)
  6 rats
32 creatures vanquished.

Notes
Turn   | Place    | Note
-------+----------+-------------------------------------------
     0 | D:1      | holysushi the Hill Orc Monk began the quest for the Orb.
     0 | D:1      | Reached XP level 1. HP: 19/19 MP: 1/1
   394 | D:1      | Reached XP level 2. HP: 26/26 MP: 2/2
   464 | D:1      | Reached skill level 4 in Polearms
  1210 | D:2      | Reached XP level 3. HP: 31/31 MP: 3/3
  1392 | D:2      | Found a runed translucent door.
  1393 | D:2      | Noticed Crazy Yiuf
  1415 | D:2      | Noticed Jessica
  1450 | D:2      | Killed from afar by Jessica

Illustrated notes

Levels and vault maps discovered:
D:1:      matt_arrival_los_fun, layout_loops_corners, minmay_misc_feat_encased,
          minmay_pentomino_p4
D:2:      layout_rooms, uniq_crazy_yiuf_cottage, uniq_jessica

Skill      XL: |  1  2 |
---------------+-------+-----
Polearms       | 4 |  4.8
Fighting       | |  3.6
Dodging        | |  2.4
Stealth        | |  1.5

Action                     || total
---------------------------++-------
  Melee: Spear             ||   139
         Punch             ||     4
   Stab: Sleeping          ||     7
 Armour: Robe              ||    22
  Dodge: Dodged            ||    87

Table legend: (Time is in decaauts)
 A = Elapsed time spent in this place.
 B = Non-inter-level travel time spent in this place.
 C = Inter-level travel time spent in this place.
 D = Time resting spent in this place.
 E = Time spent auto-exploring this place.
 F = Levels seen in this place.
 G = Mean time per level.
                   A        B        C        D        E       F      G
               +--------+--------+--------+--------+--------+-----+--------+
         Total |   1436 |   1396 |     40 |    119 |    958 |   2 |  718.0 |
       Dungeon |   1436 |   1396 |     40 |    119 |    958 |   2 |  718.0 |
               +--------+--------+--------+--------+--------+-----+--------+

Top non-repeatable levels by time:
     D:1: 1131 daAuts
     D:2: 305 daAuts
